 Dungeon Crawl Stone Soup version 0.15-a0-429-gf5d7e11 (webtiles) character file.

74243 Leibowitz the Hoplite (level 14, -1/127 HPs)
             Began as a Demigod Fighter on May 5, 2014.
             Slain by a soul eater (8 damage)
             ... summoned by an orc sorcerer
             ... while paralysed by an orc sorcerer
             ... on Level 4 of the Orcish Mines on May 6, 2014.
             The game lasted 02:03:30 (23537 turns).

Leibowitz the Hoplite (Demigod Fighter)            Turns: 23537, Time: 02:03:30

HP  -1/127       AC 19     Str 24      XL: 14   Next: 57%
MP   0/34        EV  2     Int 14      God:
Gold 2120        SH  0     Dex 19      Spells:  0 memorised, 13 levels left

rFire  . . .     SeeInvis .     a - +4,+3 broad axe (vamp)
rCold  . . .     Clarity  .     I - +0 plate armour
rNeg   + . .     Conserve .     c - +1 shield
rPois  .         rCorr    .     D - +0 helmet
rElec  .         rRot     .     B - +0 cloak
SustAb . .       Spirit   +     h - +0 pair of gloves
rMut   .         Warding  .     o - +0 pair of boots
Saprov . . .     Stasis   .     v - amulet of guardian spirit
MR     +....                    d - ring of magical power
                                H - ring of positive energy

@: paralysed, heavily drained, somewhat resistant to hostile enchantments,
extremely unstealthy
A: no striking features
a: no special abilities


You were on level 4 of the Orcish Mines.
You were hungry.

You visited 3 branches of the dungeon, and saw 22 of its levels.
You also visited: Ossuary.

You collected 2384 gold pieces.
You spent 264 gold pieces at shops.

Inventory:

Hand weapons
 a - a +4,+3 vampiric broad axe (weapon)
 b - a +0 blowgun
 n - a +0,+0 war axe
 U - a +1,+1 battleaxe of holy wrath
 V - the +7,+7 scythe "Thien" {antimagic, rPois MR+}
   (You found it on level 8 of the Lair of Beasts)

   It disrupts the flow of magical energy around spellcasters and certain
   magical creatures (including the wielder).
   It protects you from poison.
   It affects your resistance to hostile enchantments.
Missiles
 g - 6 javelins (quivered)
 l - 16 stones
 q - 31 poisoned needles
 u - 2 curare-tipped needles
Armour
 c - a +1 shield (worn)
 h - a +0 pair of gloves (worn)
 o - a +0 pair of boots (worn)
 t - a +2 ring mail of poison resistance
 B - a +0 cloak (worn)
 D - a +0 helmet (worn)
 I - a +0 plate armour (worn)
Magical devices
 f - a wand of polymorph (15)
 k - a wand of confusion (6)
 m - a wand of disintegration (17)
 C - a wand of disintegration (3)
 J - a wand of hasting (1)
 N - a wand of digging (7)
 Q - a wand of paralysis (8)
 X - a wand of fire (10)
 Y - a wand of fire (5)
 Z - a wand of lightning (6)
Comestibles
 M - 3 chunks of orc flesh
Scrolls
 w - 2 scrolls of remove curse
 y - a scroll of magic mapping
 z - 14 scrolls of identify
 A - 7 scrolls of recharging
 E - a scroll of fog
 G - 2 scrolls of enchant armour
 K - 3 scrolls of enchant weapon I
 L - a scroll of teleportation
 T - a scroll of fear
Jewellery
 d - a ring of magical power (right hand)
 j - an uncursed ring of see invisible
 p - an uncursed ring of invisibility
 r - an uncursed amulet of clarity
 s - an uncursed ring of protection from fire
 v - an amulet of guardian spirit (around neck)
 F - an uncursed amulet of resist mutation
 H - a ring of positive energy (left hand)
 S - an uncursed amulet of the gourmand
Potions
 i - 4 potions of curing
 P - 2 potions of restore abilities
 W - a potion of agility
Books
 x - a book of Cantrips

   Spells                             Type                      Level
   Confusing Touch                    Hexes                        1
   Animate Skeleton                   Necromancy                   1
   Summon Small Mammal                Summoning                    1
   Apportation                        Translocation                1


   Skills:
 + Level 12.5(10.9) Fighting
 + Level 11.8(10.2) Axes
 + Level 3.7(2.4) Throwing
 * Level 10.7(9.1) Armour
 - Level 6.7(5.3) Dodging
 + Level 12.6(11.0) Shields
 + Level 3.5(2.2) Evocations


You had 13 spell levels left.
You didn't know any spells.

Dungeon Overview and Level Annotations

Branches:
Dungeon (10/15)            Temple (0/1) D:5             Orc (4/4) D:9
   Lair (8/8) D:10          Swamp (0/5) Lair:5        Snake (0/5) Lair:6
  Slime (0/6) Lair:6
    Elf: Orc:3-4

Shops:
D:7 (   Orc:1 :   Orc:3 }?   Orc:4 (


Message History

The soul eater barely misses you.
The orc sorcerer hits you with a dagger.
The orc warlord roars a battle-cry!
The orcs go into a battle-frenzy!
The orc warlord hits you with a glowing great mace.
The sixfirhy hits you.
* * * LOW HITPOINT WARNING * * *
The sixfirhy shocks you!
* * * LOW HITPOINT WARNING * * *
The sixfirhy hits you but does no damage. x3
The orc knight hits you with a battleaxe!
* * * LOW HITPOINT WARNING * * *
The orc knight hits you with a dire flail!
* * * LOW HITPOINT WARNING * * *
The orc zombie barely misses you.
The orc sorcerer gestures at you while chanting.
You easily resist.
The orc sorcerer hits you but does no damage.
The soul eater hits you!
You die...

..................
................... #
#..................
..###..$......)[.......
....#..........[........
...#...#.......[<%......
.P...o.o#...............
..PP..ooo3...............
PP....oo@o...............
.......o4ZP.P.....P......
###.......P.............
#............∩....P....
##.#........8..........
##......P...[...P.....
......#P.[.).........
.........).))........
..................


You could see an orc warlord, 2 orc knights, a soul eater, a sixfirhy, 2 orc
sorcerers, 4 orc warriors and an orc zombie.

Vanquished Creatures
  Maud (Lair:4)
  An emperor scorpion (Lair:7)
  The ghost of nht the Thrower, a powerful MfAs of Trog (Lair:8)
  Snorg (Lair:4)
  A fire dragon (Lair:8)
  4 hydras
  Harold (Lair:7)
  14 death yaks
  A catoblepas (Lair:8)
  The ghost of Leibowitz the Shield-Bearer, an experienced DgFi (D:7)
  3 hill giants (D:10)
  Pikel (D:6)
  A lindwurm (Lair:7)
  An orc knight (Orc:3)
  Joseph (D:7)
  2 orc sorcerers (Orc:4)
  6 black mambas
  11 elephants
  13 spiny frogs
  An item mimic (D:9)
  4 fire drakes
  11 komodo dragons
  3 polar bears
  2 trolls
  A boulder beetle (Lair:8)
  9 blink frogs
  A spriggan (Lair:7)
  5 basilisks
  2 wandering mushrooms
  60 yaks
  A hungry ghost (D:5)
  6 sharks (D:10)
  A hill giant zombie (D:8)
  Eustachio (D:6)
  An elephant slug (Lair:8)
  Grum (D:9)
  4 steam dragons (Lair:8)
  21 wolves
  8 hippogriffs
  12 water moccasins
  Edmund (D:9)
  4 swamp worms (Lair:5)
  A sky beast (D:10)
  A swamp drake (Lair:8)
  20 orc warriors
  7 ice beasts
  4 black bears
  2 slaves (D:6)
  9 ogres
  6 porcupines
  3 boring beetles (Lair:8)
  Duvessa (D:6)
  16 crocodiles
  11 giant slugs
  7 giant frogs
  An elf zombie (Ossuary)
  Blork the orc (D:6)
  A big kobold (D:7)
  5 scorpions
  8 killer bees (D:9)
  5 wights (D:8)
  5 jellies (D:5)
  An eye of draining (D:10)
  10 electric eels
  5 crimson imps
  Dowan (D:6)
  A gnoll shaman (D:5)
  8 iguanas
  23 orc priests
  4 hounds
  24 orc wizards
  A giant frog skeleton (D:4)
  18 big fish
  7 worker ants
  2 big kobold zombies (Ossuary)
  24 sheep
  4 mummies (Ossuary)
  25 adders
  12 gnolls
  35 green rats
  A scorpion zombie (D:9)
  2 shadow imps
  2 orc zombies
  A worm zombie (D:6)
  An inept feature mimic (D:5)
  3 giant mites
  A goliath beetle zombie (D:10)
  4 worms
  5 adder zombies (Ossuary)
  A giant eyeball (D:10)
  9 giant geckos
  An ooze (D:1)
  158 orcs
  6 giant cockroaches
  20 hobgoblins
  13 jackals
  13 quokkas
  27 bats
  7 giant newts
  A gnoll zombie (Ossuary)
  21 goblins
  A goblin skeleton (D:5)
  A hobgoblin skeleton (D:5)
  A hobgoblin zombie (Ossuary)
  A jackal skeleton (D:4)
  2 jackal zombies (Ossuary)
  27 kobolds
  An orc skeleton (D:10)
  25 rats
  2 ballistomycetes (D:7)
  4 fungi
  7 plants
913 creatures vanquished.

Vanquished Creatures (others)
  A crocodile (Lair:8)
  An electric eel (D:10)
  An iguana (Lair:4)
  2 orcs
  A giant spore (D:7)
  A kobold (D:6)
  21 fungi
  6 plants
34 creatures vanquished.

Grand Total: 947 creatures vanquished

Notes
Turn   | Place    | Note
--------------------------------------------------------------
     0 | D:1      | Leibowitz, the Demigod Fighter, began the quest for the Orb.
     0 | D:1      | Reached XP level 1. HP: 18/18 MP: 2/2
   441 | D:1      | Reached XP level 2. HP: 25/25 MP: 3/3
   554 | D:1      | Reached skill level 3 in Fighting
   814 | D:2      | Reached XP level 3. HP: 11/31 MP: 5/5
  1301 | D:2      | Reached XP level 4. HP: 11/38 MP: 7/7
  1592 | D:2      | Reached skill level 1 in Dodging
  1972 | D:2      | Noticed an ice beast
  1981 | D:2      | Killed an ice beast
  1981 | D:2      | Reached XP level 5. HP: 43/45 MP: 8/8
  2282 | D:3      | Found an iron altar of Okawaru.
  2438 | D:3      | Reached skill level 4 in Armour
  2685 | D:4      | Reached XP level 6. HP: 42/52 MP: 8/10
  2785 | D:4      | Found a sand-covered staircase.
  2811 | Ossuary  | Entered an ossuary
  3597 | D:5      | Entered Level 5 of the Dungeon
  3622 | D:5      | Found a radiant altar of Vehumet.
  3702 | D:5      | Reached XP level 7. HP: 55/59 MP: 10/12
  3933 | D:5      | Found a staircase to the Ecumenical Temple.
  3995 | D:4      | HP: 3/60 [ice beast (11)]
  4002 | D:4      | Reached skill level 5 in Shields
  4619 | D:5      | Reached XP level 8. HP: 49/67 MP: 11/13
  4758 | D:5      | Noticed a hungry ghost
  4786 | D:5      | Killed a hungry ghost
  4786 | D:5      | Reached skill level 5 in Armour
  5036 | D:5      | Reached skill level 6 in Shields
  5038 | D:5      | Reached skill level 5 in Fighting
  5087 | D:6      | Found a sparkling altar of Nemelex Xobeh.
  5146 | D:6      | Reached skill level 1 in Throwing
  5148 | D:6      | Reached skill level 1 in Evocations
  5163 | D:6      | Noticed Eustachio
  5186 | D:6      | Killed Eustachio
  5330 | D:6      | Noticed Pikel
  5351 | D:6      | Killed Pikel
  5351 | D:6      | Reached XP level 9. HP: 64/75 MP: 13/16
  5442 | D:6      | Noticed Dowan
  5445 | D:6      | Noticed Duvessa
  5453 | D:6      | Killed Dowan
  5468 | D:6      | Killed Duvessa
  5487 | D:6      | Noticed Blork the orc
  5499 | D:6      | Killed Blork the orc
  5834 | D:6      | Reached skill level 7 in Shields
  5871 | D:6      | Found a shattered altar of Ashenzari.
  5871 | D:6      | Found an iron altar of Okawaru.
  6014 | D:7      | Reached skill level 5 in Axes
  6069 | D:7      | Reached skill level 8 in Shields
  6069 | D:7      | Reached XP level 10. HP: 81/86 MP: 16/20
  6079 | D:7      | Noticed Joseph
  6094 | D:7      | Killed Joseph
  6094 | D:7      | Reached skill level 5 in Dodging
  6285 | D:7      | Noticed Leibowitz's ghost (experienced DgFi)
  6301 | D:7      | Killed Leibowitz's ghost
  6650 | D:7      | Found a radiant altar of Vehumet.
  6659 | D:7      | Found Qihaatho's Weapon Boutique.
  6674 | D:7      | Bought a +3,+1 vampiric broad axe for 264 gold pieces
  7077 | D:8      | Reached XP level 11. HP: 94/94 MP: 19/21
  7707 | D:9      | Noticed Edmund
  7707 | D:9      | Noticed Grum
  7762 | D:9      | Killed Grum
  7762 | D:9      | Reached skill level 9 in Shields
  7764 | D:9      | Killed Edmund
  7991 | D:9      | Found a roughly hewn altar of Beogh.
  7994 | D:9      | Found a staircase to the Orcish Mines.
  8678 | D:10     | Entered Level 10 of the Dungeon
  8714 | D:10     | Found a staircase to the Lair.
 10444 | Lair:1   | Entered Level 1 of the Lair of Beasts
 10447 | Lair:1   | Reached skill level 10 in Shields
 11353 | Lair:1   | Reached XP level 12. HP: 98/104 MP: 17/22
 13837 | Lair:4   | Noticed Maud
 13869 | Lair:4   | Killed Maud
 13869 | Lair:4   | Reached skill level 11 in Shields
 14139 | Lair:4   | Noticed a six-headed hydra
 14511 | Lair:4   | Killed a seven-headed hydra
 14511 | Lair:4   | Reached skill level 10 in Fighting
 14762 | Lair:4   | Noticed Snorg
 14834 | Lair:4   | Killed Snorg
 15609 | Lair:5   | Found a staircase to the Swamp.
 15696 | Lair:5   | Reached XP level 13. HP: 102/113 MP: 13/24
 16277 | Lair:6   | Identified a scroll of acquirement
 16286 | Lair:6   | Found a staircase to the Snake Pit.
 16372 | Lair:6   | Found a staircase to the Slime Pits.
 16372 | Lair:6   | Noticed an acid blob
 16713 | Lair:7   | Reached skill level 10 in Axes
 16783 | Lair:7   | Noticed an emperor scorpion
 16783 | Lair:7   | an eight-headed hydra changed into an emperor scorpion
 16799 | Lair:7   | Killed an emperor scorpion
 16804 | Lair:7   | Reached skill level 12 in Shields
 17403 | Lair:7   | Noticed Harold
 17430 | Lair:7   | Killed Harold
 17870 | Lair:8   | Entered Level 8 of the Lair of Beasts
 18293 | Lair:8   | Reached skill level 10 in Armour
 19054 | Lair:8   | Reached XP level 14. HP: 125/125 MP: 25/25
 19825 | Lair:8   | Got a crude scythe
 19932 | Lair:8   | Identified the +7,+7 scythe "Thien" {antimagic, rPois MR+} (You found it on level 8 of the Lair of Beasts)
 19995 | Lair:8   | Noticed nht's ghost (powerful MfAs)
 20393 | Lair:8   | Killed nht's ghost
 20836 | Lair:7   | HP: 6/127 [death yak (18)]
 21582 | Orc:1    | Entered Level 1 of the Orcish Mines
 21717 | Orc:1    | Found Psuttyawn's Book Boutique.
 22347 | Orc:2    | Found a radiant altar of Vehumet.
 22691 | Orc:3    | Found Braohib's Magic Scroll Shoppe.
 22844 | Orc:3    | Found a roughly hewn altar of Beogh.
 22941 | Orc:3    | Found Ythulyrch's Gadget Shop.
 23412 | Orc:4    | Entered Level 4 of the Orcish Mines
 23441 | Orc:4    | Found Afais' Antique Weapon Shoppe.
 23494 | Orc:4    | Upgraded the game from 0.15-a0-413-gc6111ba to 0.15-a0-429-gf5d7e11
 23527 | Orc:4    | Noticed an orc warlord
 23534 | Orc:4    | Paralysed by an orc sorcerer for 4 turns
 23537 | Orc:4    | Slain by a soul eater

Action                   |  1- 3 |  4- 6 |  7- 9 | 10-12 | 13-15 || total
-------------------------+-------+-------+-------+-------+-------++-------
Melee: War axe           |   129 |   285 |   290 |   170 |       ||   874
       Hand axe          |       |       |    88 |       |       ||    88
       Broad axe         |       |       |       |  1086 |  1209 ||  2295
       Battleaxe         |       |       |       |       |     9 ||     9
 Fire: Blowgun           |       |       |     8 |       |       ||     8
Throw: Javelin           |     7 |     4 |     8 |    13 |    21 ||    53
       Stone             |       |       |    10 |       |       ||    10
Evoke: Deck              |       |       |     3 |       |       ||     3
       Wand              |       |       |     1 |    11 |     2 ||    14
  Use: Potion            |       |     6 |     2 |    10 |     6 ||    24
       Scroll            |       |       |    10 |     6 |     8 ||    24
 Stab: Sleeping          |       |       |       |     1 |       ||     1
